[ AOE2 MATCH · #507162781 ]
UnrankedFranks vs Byzantines
Player's team · LOSS
[ REPLAY ANALYSIS · EXTRACTED FROM THE RECORDED GAME ]
Feudal
9:31
Castle
19:18
Imperial
—
| APM avg | 65.9 |
| APM peak | 153 |
| eAPM avg | 32.9 |
| Villagers / military | 106 / 76 |
Focus
⚔️ 63.1% · 🌾 36.9%
Knight ×34 · Scout Cavalry ×27 · Battering Ram ×6 · Mangonel ×5 · Militia ×2 · Monk ×1
Feudal
13:05
Castle
17:27
Imperial
37:00
| APM avg | 43.2 |
| APM peak | 82 |
| eAPM avg | 25.6 |
| Villagers / military | 181 / 110 |
Focus
⚔️ 34.3% · 🌾 65.7%
Spearman ×82 · Monk ×10 · Petard ×5 · Cataphract ×5 · Trebuchet (Packed) ×5 · Militia ×3
Match map
Initial resources + every placement click. Lines = walls · curves = elevation contours. ◆ gold · ⬟ stone · ● berries · ✦ relic · ◌ wall gap
Your base· ✓ Closed at 19:18 · 24t walls · 1 gate(s)
Pato Lucas's base· ✓ Closed at 17:27 · 40t walls · no gate
Smoothed initial terrain · ◌ = detected wall gap · hover for details
Inputs per minute
— DS_Moai - - Pato Lucas
Build order — DS_Moai
First 150 of 310 actions detected
| 0:00 | Create | Villager (Male) |
| 0:01 | Create | Villager (Male) |
| 0:01 | Create | Villager (Male) |
| 0:02 | Build | House |
| 0:04 | Build | House |
| 0:10 | Create | Villager (Male) |
| 0:10 | Create | Villager (Male) |
| 1:33 | Create | Villager (Male) |
| 1:50 | Build | Lumber Camp |
| 2:05 | Create | Villager (Male) |
| 2:31 | Create | Villager (Male) |
| 2:31 | Create | Villager (Male) |
| 2:47 | Create | Villager (Male) |
| 3:12 | Create | Villager (Male) |
| 3:27 | Build | House |
| 3:34 | Create | Villager (Male) |
| 4:01 | Create | Villager (Male) |
| 4:01 | Create | Villager (Male) |
| 4:21 | Build | Mill |
| 4:28 | Create | Villager (Male) |
| 4:29 | Create | Villager (Male) |
| 5:14 | Create | Villager (Male) |
| 5:46 | Create | Villager (Male) |
| 5:49 | Research | Loom |
| 6:05 | Build | Barracks |
| 6:38 | Create | Villager (Male) |
| 6:49 | Build | House |
| 7:21 | Research | Feudal Age |
| 7:30 | Build | Mill |
| 7:46 | Create | Militia |
| 8:04 | Build | House |
| 8:06 | Create | Militia |
| 8:27 | Build | Palisade Wall |
| 8:57 | Create | Villager (Male) |
| 9:15 | Build | Palisade Wall |
| 9:31 | Age | Feudal Age |
| 9:35 | Build | Stable |
| 9:58 | Create | Villager (Male) |
| 10:08 | Create | Villager (Male) |
| 10:11 | Build | House |
| 10:14 | Build | Farm |
| 10:18 | Create | Scout Cavalry |
| 10:26 | Research | Double-Bit Axe |
| 10:31 | Build | House |
| 10:42 | Create | Villager (Male) |
| 10:53 | Create | Scout Cavalry |
| 11:04 | Build | Farm |
| 11:05 | Create | Villager (Male) |
| 11:12 | Build | Palisade Gate |
| 11:25 | Build | Farm |
| 11:32 | Build | Farm |
| 11:33 | Create | Villager (Male) |
| 11:41 | Build | Farm |
| 11:48 | Build | Farm |
| 11:59 | Create | Villager (Male) |
| 12:03 | Build | Farm |
| 12:22 | Create | Villager (Male) |
| 12:35 | Build | Farm |
| 12:43 | Build | Farm |
| 12:48 | Build | House |
| 12:49 | Create | Villager (Male) |
| 12:55 | Build | Farm |
| 12:58 | Build | Farm |
| 13:05 | Create | Villager (Male) |
| 13:20 | Build | Palisade Wall |
| 13:24 | Build | Farm |
| 13:25 | Create | Villager (Male) |
| 13:40 | Build | Farm |
| 13:57 | Create | Villager (Male) |
| 14:14 | Build | Mining Camp |
| 14:22 | Create | Villager (Male) |
| 14:49 | Build | Farm |
| 14:57 | Create | Villager (Male) |
| 15:07 | Create | Villager (Male) |
| 15:10 | Build | House |
| 15:20 | Create | Villager (Male) |
| 15:32 | Build | Blacksmith |
| 15:43 | Build | Palisade Wall |
| 16:00 | Build | Farm |
| 16:04 | Create | Villager (Male) |
| 16:32 | Build | Stable |
| 16:36 | Research | Castle Age |
| 17:13 | Build | Farm |
| 17:32 | Create | Scout Cavalry |
| 17:43 | Research | Scale Barding Armor |
| 17:47 | Research | Gold Mining |
| 18:07 | Create | Scout Cavalry |
| 18:16 | Build | Farm |
| 18:19 | Build | House |
| 18:28 | Create | Scout Cavalry |
| 18:31 | Create | Scout Cavalry |
| 18:39 | Build | Palisade Wall |
| 18:43 | Research | Forging |
| 18:49 | Build | Farm |
| 18:51 | Build | Farm |
| 19:00 | Create | Scout Cavalry |
| 19:05 | Create | Scout Cavalry |
| 19:18 | Age | Castle Age |
| 19:23 | Create | Villager (Male) |
| 19:39 | Research | Light Cavalry (upgrade) |
| 19:44 | Create | Villager (Male) |
| 20:00 | Build | Siege Workshop |
| 20:04 | Create | Villager (Male) |
| 20:30 | Create | Villager (Male) |
| 20:40 | Build | Lumber Camp |
| 20:49 | Build | Outpost |
| 20:54 | Create | Villager (Male) |
| 21:05 | Create | Knight |
| 21:05 | Create | Knight |
| 21:08 | Create | Villager (Male) |
| 21:24 | Create | Mangonel |
| 21:28 | Build | Outpost |
| 21:31 | Create | Villager (Male) |
| 21:32 | Create | Knight |
| 21:32 | Create | Knight |
| 21:49 | Create | Villager (Male) |
| 21:54 | Build | Mining Camp |
| 21:58 | Build | House |
| 22:11 | Build | House |
| 22:18 | Create | Villager (Male) |
| 22:31 | Create | Mangonel |
| 22:46 | Create | Knight |
| 22:46 | Create | Knight |
| 22:55 | Build | House |
| 22:55 | Create | Villager (Male) |
| 23:06 | Create | Mangonel |
| 23:33 | Build | Palisade Wall |
| 23:37 | Create | Villager (Male) |
| 23:38 | Create | Scout Cavalry |
| 23:38 | Create | Scout Cavalry |
| 23:40 | Build | Farm |
| 23:43 | Build | House |
| 23:55 | Create | Villager (Male) |
| 24:08 | Create | Mangonel |
| 24:17 | Create | Villager (Male) |
| 24:20 | Build | Market |
| 24:27 | Create | Scout Cavalry |
| 24:28 | Create | Scout Cavalry |
| 24:30 | Build | House |
| 24:32 | Research | Husbandry |
| 24:39 | Create | Villager (Male) |
| 24:40 | Create | Scout Cavalry |
| 24:47 | Build | Stable |
| 24:55 | Research | Chain Barding Armor |
| 25:10 | Create | Villager (Male) |
| 25:13 | Build | House |
| 25:27 | Create | Knight |
| 25:27 | Create | Knight |
| 25:30 | Create | Villager (Male) |
| 25:32 | Build | House |
Build order — Pato Lucas
First 150 of 456 actions detected
| 0:00 | Create | Villager (Male) |
| 0:00 | Create | Villager (Male) |
| 0:00 | Create | Villager (Male) |
| 0:01 | Create | Villager (Male) |
| 0:02 | Build | House |
| 0:04 | Build | House |
| 1:25 | Create | Villager (Male) |
| 1:52 | Create | Villager (Male) |
| 1:56 | Build | Lumber Camp |
| 2:16 | Create | Villager (Male) |
| 2:38 | Create | Villager (Male) |
| 3:03 | Create | Villager (Male) |
| 3:03 | Create | Villager (Male) |
| 3:31 | Create | Villager (Male) |
| 3:50 | Create | Villager (Male) |
| 4:07 | Build | House |
| 4:22 | Create | Villager (Male) |
| 4:42 | Build | Barracks |
| 4:45 | Create | Villager (Male) |
| 4:46 | Create | Villager (Male) |
| 4:58 | Build | Palisade Wall |
| 5:05 | Create | Villager (Male) |
| 5:05 | Create | Villager (Male) |
| 5:33 | Build | House |
| 5:39 | Create | Villager (Male) |
| 5:46 | Create | Militia |
| 5:59 | Create | Militia |
| 6:02 | Create | Villager (Male) |
| 6:06 | Build | House |
| 6:20 | Build | Palisade Wall |
| 6:21 | Build | Palisade Wall |
| 6:23 | Build | Palisade Wall |
| 6:27 | Create | Villager (Male) |
| 6:28 | Create | Militia |
| 6:40 | Build | Palisade Wall |
| 6:50 | Create | Villager (Male) |
| 7:01 | Build | Mill |
| 7:10 | Create | Villager (Male) |
| 7:15 | Build | Palisade Wall |
| 7:18 | Create | Villager (Male) |
| 7:21 | Build | Palisade Wall |
| 7:53 | Build | House |
| 7:54 | Create | Villager (Male) |
| 8:01 | Create | Villager (Male) |
| 8:04 | Build | Palisade Wall |
| 8:09 | Build | Palisade Wall |
| 8:10 | Create | Villager (Male) |
| 8:39 | Create | Villager (Male) |
| 8:41 | Build | Mill |
| 8:45 | Create | Villager (Male) |
| 8:55 | Create | Villager (Male) |
| 8:57 | Create | Villager (Male) |
| 9:03 | Build | Palisade Wall |
| 9:24 | Create | Villager (Male) |
| 9:27 | Build | Farm |
| 9:42 | Build | House |
| 9:46 | Build | Palisade Wall |
| 10:04 | Create | Villager (Male) |
| 10:07 | Build | Farm |
| 10:08 | Build | Farm |
| 10:24 | Research | Loom |
| 10:46 | Build | Farm |
| 10:48 | Build | Farm |
| 10:55 | Research | Feudal Age |
| 11:25 | Build | Mining Camp |
| 11:43 | Create | Villager (Male) |
| 12:31 | Build | Farm |
| 12:47 | Build | Farm |
| 12:59 | Create | Villager (Male) |
| 13:05 | Age | Feudal Age |
| 13:15 | Build | Blacksmith |
| 13:20 | Build | Market |
| 13:24 | Create | Spearman |
| 13:39 | Create | Villager (Male) |
| 13:51 | Create | Spearman |
| 14:47 | Research | Castle Age |
| 15:25 | Research | Double-Bit Axe |
| 15:31 | Research | Horse Collar |
| 15:53 | Build | Farm |
| 15:54 | Build | Farm |
| 15:59 | Build | Farm |
| 16:01 | Build | Farm |
| 17:01 | Create | Villager (Male) |
| 17:01 | Create | Villager (Male) |
| 17:17 | Create | Villager (Male) |
| 17:27 | Age | Castle Age |
| 17:29 | Build | Town Center |
| 17:31 | Create | Villager (Male) |
| 17:37 | Create | Villager (Male) |
| 17:40 | Build | Town Center |
| 17:57 | Create | Spearman |
| 17:57 | Create | Spearman |
| 18:01 | Create | Villager (Male) |
| 18:11 | Create | Villager (Male) |
| 18:22 | Research | Bow Saw |
| 18:22 | Research | Bow Saw |
| 18:33 | Create | Villager (Male) |
| 18:48 | Build | Farm |
| 18:49 | Create | Villager (Male) |
| 18:49 | Create | Villager (Male) |
| 18:49 | Create | Villager (Male) |
| 18:51 | Create | Villager (Male) |
| 18:51 | Create | Villager (Male) |
| 18:59 | Build | House |
| 19:00 | Build | House |
| 19:04 | Create | Villager (Male) |
| 19:20 | Create | Villager (Male) |
| 19:24 | Create | Villager (Male) |
| 19:25 | Create | Spearman |
| 19:26 | Create | Spearman |
| 19:29 | Build | House |
| 19:31 | Create | Villager (Male) |
| 19:33 | Build | Farm |
| 19:34 | Build | Farm |
| 19:34 | Build | Farm |
| 19:34 | Build | Farm |
| 19:34 | Build | Farm |
| 19:42 | Build | Farm |
| 19:42 | Create | Villager (Male) |
| 19:50 | Create | Spearman |
| 19:53 | Build | Farm |
| 19:54 | Build | Farm |
| 20:06 | Build | House |
| 20:08 | Create | Villager (Male) |
| 20:10 | Build | Mining Camp |
| 20:16 | Build | Farm |
| 20:19 | Create | Spearman |
| 20:28 | Create | Villager (Male) |
| 20:33 | Create | Spearman |
| 20:48 | Create | Villager (Male) |
| 20:48 | Create | Villager (Male) |
| 20:51 | Build | Farm |
| 20:51 | Build | Farm |
| 20:51 | Build | Farm |
| 20:55 | Build | Farm |
| 20:55 | Build | Farm |
| 20:56 | Build | Farm |
| 20:56 | Build | Farm |
| 20:57 | Create | Villager (Male) |
| 21:11 | Research | Pikeman (upgrade) |
| 21:16 | Create | Spearman |
| 21:20 | Build | Farm |
| 21:24 | Create | Villager (Male) |
| 21:27 | Build | Farm |
| 21:28 | Build | Farm |
| 21:30 | Build | Farm |
| 21:33 | Create | Villager (Male) |
| 21:33 | Create | Villager (Male) |
| 21:37 | Build | Farm |
| 21:44 | Create | Spearman |
Match timeline
| 4:42 | Pato Lucas · first_building Barracks |
| 4:58 | Pato Lucas · wall_segment Palisade Wall x14 |
| 6:05 | DS_Moai · first_building Barracks |
| 6:20 | Pato Lucas · wall_segment Palisade Wall x1 |
| 6:21 | Pato Lucas · wall_segment Palisade Wall x1 |
| 6:23 | Pato Lucas · wall_segment Palisade Wall x1 |
| 6:40 | Pato Lucas · wall_segment Palisade Wall x4 |
| 7:15 | Pato Lucas · wall_segment Palisade Wall x8 |
| 7:21 | Pato Lucas · wall_segment Palisade Wall x10 |
| 8:04 | Pato Lucas · wall_segment Palisade Wall x1 |
| 8:09 | Pato Lucas · wall_segment Palisade Wall x6 |
| 8:27 | DS_Moai · wall_segment Palisade Wall x5 |
| 9:03 | Pato Lucas · wall_segment Palisade Wall x8 |
| 9:15 | DS_Moai · wall_segment Palisade Wall x7 |
| 9:31 | DS_Moai · age_up feudal |
| 9:35 | DS_Moai · first_building Stable |
| 9:46 | Pato Lucas · wall_segment Palisade Wall x1 |
| 13:05 | Pato Lucas · age_up feudal |
| 13:20 | DS_Moai · wall_segment Palisade Wall x8 |
| 14:38 | Pato Lucas · first_market_buy 100 food |
| 14:38 | Pato Lucas · first_market_sell 100 wood |
| 15:43 | DS_Moai · wall_segment Palisade Wall x3 |
| 17:27 | Pato Lucas · age_up castle |
| 18:39 | DS_Moai · wall_segment Palisade Wall x1 |
| 19:18 | DS_Moai · age_up castle |
| 20:00 | DS_Moai · first_building Siege Workshop |
| 22:41 | Pato Lucas · first_building Monastery |
| 23:33 | DS_Moai · wall_segment Palisade Wall x1 |
| 27:06 | DS_Moai · first_market_buy 100 stone |
| 27:13 | DS_Moai · first_building Castle |
| 27:25 | DS_Moai · first_market_sell 100 stone |
| 27:26 | Pato Lucas · first_building Castle |
| 27:36 | Pato Lucas · wall_segment Palisade Wall x1 |
| 34:07 | DS_Moai · first_building Monastery |
| 37:00 | Pato Lucas · age_up imperial |
| 42:39 | DS_Moai · resign |
[ AI ANALYSIS · 1 CREDIT ]
What really happened in this match?
Wolo.gg analyzes every decision: build order, eco, micro, common mistakes by bracket. Personalized analysis on WhatsApp or Discord in 30 seconds.
Civ guide
Franks
Perfil
Jugador #267991